Map: 어비설 리프 - 래더

Players

MaNa

  • Race: Protoss Protoss
  • Spawn Location: 5:00

INnoVation - Winner!

  • Race: Terran Terran
  • Spawn Location: 11:00

Event: IEM XI Katowice - World Championship 2017

VOD

Have the link to the VOD?

Description

Time

  • Played on: March 3, 2017, 1:41 p.m.
  • Length: 13:50

All games in this series

Show
View Real Time Build Order
Export as new Build Order

MaNa Protoss 

Build Orders: 1 Gate Expand 

Get SALT Encoding   

  12  0:01  Probe (Chrono Boost)  
  13  0:11  Probe (Chrono Boost)  
  14  0:17  Pylon  
  14  0:22  Probe (Chrono Boost)  
  15  0:35  Probe (Chrono Boost)  
  16  0:37  Gateway  
  16  0:42  Assimilator  
  16  0:45  Probe (Chrono Boost)  
  17  0:56  Probe (Chrono Boost)  
  18  1:06  Probe (Chrono Boost)  
  19  1:19  Nexus  
  19  1:28  Cybernetics Core  
  19  1:31  Probe (Chrono Boost)  
  20  1:38  Assimilator  
  20  1:42  Probe (Chrono Boost)  
  21  1:47  Pylon  
  21  1:52  Probe (Chrono Boost)  
  22  2:06  Warp Gate, Adept, Mothership Core (Chrono Boost)  
  26  2:24  Probe (Chrono Boost)  
  27  2:31  Probe (Chrono Boost)  
  27  2:35  Probe (Chrono Boost)  
  28  2:42  Probe (Chrono Boost)  
  29  2:45  Probe (Chrono Boost)  
  30  2:52  Probe (Chrono Boost)  
  30  2:56  Probe (Chrono Boost)  
  30  2:57  Twilight Council  
  32  3:02  Robotics Facility  
  32  3:03  Probe (Chrono Boost)  
  33  3:06  Probe (Chrono Boost)  
  34  3:13  Gateway  
  34  3:15  Gateway  
  34  3:16  Probe (Chrono Boost)  
  36  3:21  Probe (Chrono Boost)  
  36  3:23  Resonating Glaives  
  37  3:27  Probe (Chrono Boost)  
  37  3:33  Probe (Chrono Boost)  
  38  3:37  Probe (Chrono Boost)  
  38  3:40  Pylon  
  39  3:43  Warp Prism  
  39  3:45  Probe (Chrono Boost)  
  41  3:49  Probe (Chrono Boost)  
  41  3:53  Pylon  
  43  3:57  Probe (Chrono Boost)  
  43  4:01  Probe (Chrono Boost)  
  45  4:09  Stalker x3  
  51  4:14  Probe x2 (Chrono Boost)  
  53  4:17  Observer  
  54  4:27  Assimilator  
  54  4:28  Pylon, Probe x2 (Chrono Boost)  
  54  4:29  Assimilator  
  56  4:36  Adept x3  
  62  4:41  Observer  
  61  4:46  Probe x2 (Chrono Boost)  
  61  4:58  Probe (Chrono Boost)  
  61  4:59  Robotics Bay, Probe (Chrono Boost)  
  63  5:10  Adept, Probe (Chrono Boost)  
  63  5:11  Adept x2, Probe (Chrono Boost)  
  67  5:22  Probe (Chrono Boost)  
  67  5:23  Probe (Chrono Boost)  
  68  5:33  Blink, Probe x2 (Chrono Boost)  
  70  5:36  Pylon  
  70  5:42  Gravitic Drive  
  70  5:49  Disruptor  
  68  5:53  Pylon  
  73  5:58  Probe x2 (Chrono Boost)  
  73  6:00  Stalker x2  
  73  6:03  Pylon  
  77  6:12  Sentry  
  77  6:15  Gateway x2  
  77  6:16  Gateway  
  79  6:20  Gateway  
  79  6:24  Gateway  
  79  6:25  Disruptor  
  82  6:40  Adept x3  
  84  6:56  Disruptor  
  84  7:00  Adept x3  
  88  7:03  Pylon  
  88  7:06  Pylon  
  88  7:08  Pylon  
  81  7:22  Stalker x4  
  87  7:28  Adept  
  87  7:29  Adept  
  86  7:38  Probe (Chrono Boost)  
  77  7:54  Adept x2, Stalker  
  77  7:55  Stalker x2  
  85  8:05  Robotics Bay, Sentry x2  
  85  8:08  Probe (Chrono Boost)  
  85  8:09  Probe (Chrono Boost)  
  91  8:13  Immortal  
  95  8:28  Adept x3  
  101  8:37  Cybernetics Core  
  99  8:47  Disruptor  
  97  8:52  Pylon  
  100  9:06  Nexus  
  100  9:07  Pylon  
  100  9:21  Stalker  
  100  9:22  Stalker x2  
  92  9:35  Adept x2  
  94  9:41  Probe (Chrono Boost)  
  94  9:43  Probe (Chrono Boost)  
  91  9:53  Probe (Chrono Boost)  
  91  9:54  Probe (Chrono Boost)  
  94  10:07  Probe (Chrono Boost)  
  94  10:08  Disruptor, Probe (Chrono Boost)  
  97  10:18  Probe x2 (Chrono Boost)  
  97  10:20  Probe (Chrono Boost)  
  100  10:25  Pylon  
  98  10:28  Probe (Chrono Boost)  
  98  10:29  Sentry x2, Probe (Chrono Boost)  
  98  10:33  Sentry  
  106  10:35  Stalker  
  106  10:41  Disruptor  
  108  10:48  Probe x2 (Chrono Boost)  
  108  10:49  Probe (Chrono Boost)  
  114  10:55  Forge  
  114  10:56  Forge  
  112  11:15  Stalker x3  
  112  11:16  Stalker x3  
  120  11:24  Disruptor  
  106  11:29  Protoss Ground Armor Level 1, Protoss Ground Weapons Level 1  
  106  11:30  Assimilator  
  106  11:31  Assimilator  
  109  11:34  Probe (Chrono Boost)  
  109  11:36  Probe (Chrono Boost)  
  111  11:42  Probe (Chrono Boost)  
  111  11:43  Pylon  
  111  11:45  Probe (Chrono Boost)  
  114  11:48  Probe (Chrono Boost)  
  115  11:54  Probe (Chrono Boost)  
  115  11:55  Adept x2  
  115  11:56  Adept x2, Probe (Chrono Boost)  
  115  12:00  Probe (Chrono Boost)  
  125  12:02  Disruptor  
  128  12:22  Stalker x3  
  133  12:23  Stalker x2  
  135  12:43  Adept x3  
  108  13:04  Adept x2  
  108  13:05  Adept x6  
  98  13:30  Adept x3  
  73  13:45  Adept x2  
  73  13:46  Adept x3  
Show
View Real Time Build Order
Export as new Build Order

INnoVation Terran - Winner!

Build Orders: Reaper Expand, MMM Bio 

Get SALT Encoding   

  12  0:00  SCV  
  13  0:12  SCV  
  14  0:17  Supply Depot  
  14  0:25  SCV  
  14  0:28  Refinery  
  15  0:38  SCV  
  16  0:44  Barracks  
  16  0:50  SCV  
  17  1:02  SCV  
  18  1:15  SCV  
  19  1:30  Orbital Command  
  19  1:31  Reaper  
  20  1:42  Command Center  
  20  1:54  Factory  
  20  1:58  SCV  
  21  2:05  Barracks Reactor  
  21  2:10  SCV  
  21  2:15  Supply Depot  
  22  2:16  Refinery  
  22  2:22  SCV  
  23  2:36  SCV  
  24  2:43  Starport  
  24  2:45  Marine x2  
  24  2:48  Widow Mine  
  28  2:53  SCV  
  28  2:55  Orbital Command  
  28  3:03  Marine x2  
  28  3:05  SCV  
  31  3:17  Widow Mine, SCV  
  31  3:19  Medivac  
  36  3:20  Marine  
  36  3:21  Marine  
  36  3:22  SCV  
  39  3:29  SCV  
  39  3:30  Supply Depot  
  40  3:35  Barracks  
  40  3:37  SCV  
  41  3:41  SCV  
  41  3:43  Marine x2  
  41  3:46  Factory Tech Lab  
  44  3:51  SCV  
  44  3:53  SCV  
  44  3:54  Supply Depot  
  46  4:01  Marine x2  
  48  4:03  SCV  
  48  4:05  Siege Tank  
  48  4:06  SCV  
  53  4:12  Engineering Bay  
  53  4:18  Supply Depot, SCV x2  
  53  4:23  Barracks Tech Lab  
  55  4:24  Barracks  
  55  4:30  SCV x2  
  55  4:31  Marine x2  
  59  4:37  Siege Tank  
  62  4:42  SCV x2  
  64  4:46  Supply Depot  
  64  4:50  Stimpack, Refinery  
  64  4:52  Refinery  
  64  4:53  Terran Infantry Weapons Level 1  
  64  4:55  SCV x2  
  64  4:57  Starport Reactor  
  66  5:00  Marine x2  
  66  5:01  Marine  
  69  5:07  SCV x2  
  71  5:14  Supply Depot  
  71  5:19  SCV x2  
  70  5:21  Combat Shields, Factory Reactor  
  70  5:23  Marine x2  
  67  5:29  Marauder x2  
  67  5:31  SCV  
  67  5:32  SCV  
  73  5:42  Supply Depot  
  72  5:44  SCV x2  
  72  5:49  Marine x2  
  75  5:51  Marauder x2  
  75  5:54  Medivac  
  75  5:56  SCV x2  
  83  5:57  Medivac  
  83  6:03  Widow Mine x2  
  89  6:05  Supply Depot  
  89  6:08  SCV x2  
  91  6:13  Missile Turret, Marauder  
  91  6:18  Marine  
  94  6:22  Supply Depot  
  94  6:27  Marine, Marauder, SCV x2  
  99  6:33  Widow Mine  
  99  6:36  Marine  
  101  6:40  Marauder  
  101  6:41  Widow Mine  
  101  6:44  SCV x2  
  101  6:45  Marine  
  102  6:49  Marauder  
  102  6:54  Marine  
  93  6:56  SCV x2  
  89  7:02  Marine, Marauder  
  89  7:08  SCV x2  
  92  7:10  Marauder  
  92  7:11  Marine, Medivac  
  92  7:13  Medivac  
  95  7:20  Marine  
  96  7:23  Marauder  
  96  7:27  Terran Infantry Armor Level 1  
  96  7:28  Widow Mine, Missile Turret  
  100  7:31  Widow Mine, Marauder  
  100  7:35  Liberator x2  
  94  7:44  Marauder  
  94  7:46  Marine x2  
  97  7:53  Marauder, SCV x2  
  97  7:57  Widow Mine  
  107  7:59  Widow Mine  
  107  8:02  Supply Depot  
  109  8:06  Marine  
  110  8:18  Supply Depot, Command Center  
  110  8:20  Liberator x2  
  110  8:23  Marine, Marauder x2  
  107  8:29  Widow Mine x2  
  107  8:33  Marine  
  106  8:41  Marine  
  112  8:45  Marauder x2  
  112  8:47  SCV x2  
  110  8:49  Barracks  
  110  8:50  Barracks  
  110  8:59  SCV x2  
  110  9:01  Marine x2  
  114  9:03  Widow Mine x2  
  114  9:05  Supply Depot  
  114  9:06  Marauder x2  
  122  9:11  SCV x2  
  123  9:20  Medivac  
  123  9:23  SCV  
  126  9:25  Supply Depot, SCV  
  126  9:26  Medivac  
  126  9:28  Supply Depot, Marauder  
  125  9:33  Marauder  
  125  9:36  Marine  
  125  9:37  Marine  
  125  9:38  Barracks Tech Lab, Barracks Reactor  
  123  9:44  SCV x2  
  123  9:45  Orbital Command  
  120  9:49  Refinery  
  120  9:50  Refinery  
  118  9:55  Medivac  
  118  9:57  Medivac  
  118  9:59  SCV x2  
  124  10:06  Marauder  
  124  10:07  Marauder x2  
  130  10:08  Marine x2  
  130  10:12  Armory  
  128  10:14  Liberator  
  128  10:16  Liberator  
  128  10:18  Engineering Bay  
  128  10:24  Marine x2  
  128  10:26  Marine x2  
  128  10:28  Marauder x3  
  142  10:39  Supply Depot  
  142  10:44  Starport  
  142  10:57  Command Center  
  142  11:07  Marauder x3  
  142  11:10  Liberator x2  
  146  11:14  Terran Infantry Weapons Level 2, Medivac  
  146  11:16  Marine x4, Medivac  
  131  11:28  SCV  
  131  11:29  SCV  
  136  11:35  Marauder x2  
  140  11:44  Marine x3  
  140  11:45  Liberator x2  
  140  11:46  Marine  
  144  11:49  SCV x2  
  144  11:51  SCV  
  153  12:09  Refinery  
  153  12:13  Refinery  
  153  12:14  Planetary Fortress  
  153  12:20  Marauder x2  
  153  12:21  Liberator x2  
  159  12:22  Marauder  
  159  12:31  Marine  
  159  12:32  Marine x2  
  162  12:37  Missile Turret  
  162  12:42  Marauder  
  167  12:45  SCV x3  
  162  12:57  Marauder  
  162  12:58  Marauder  
  149  12:59  Marine x4  
  149  13:03  Marauder  
  147  13:16  Marine  
  147  13:17  Marine x3  
  147  13:19  Marauder x2  
  150  13:24  Marauder  

Tags
 
Add a new tag
Caveats
  • Supply blocks, unpowered buildings, or Contaminate may cause inaccurate times.
  • Supply counts are checked every 10 seconds.